 Dungeon Sprint DCSS version 0.30.1-11-g7821555f0a (webtiles) character file.

Game seed: 16233359756843687426

6762 Heoruswealwe the Warrior (level 11, -4/114 HPs)
             Began as a Hill Orc Fighter on Nov 5, 2023.
             Was the Champion of the Shining One.
             Slain by a nargun (10 damage)
             ... while petrified by a nargun
             ... in the Dungeon (Sprint V: "Ziggurat Sprint") on Nov 6, 2023.
             The game lasted 00:19:54 (936 turns).

Heoruswealwe the Warrior (Hill Orc Fighter)          Turns: 936, Time: 00:19:55

Health: -4/114     AC: 31    Str: 39    XL:     11   Next: 4%
Magic:  11/11      EV: -1    Int:  8    God:    the Shining One [******]
Gold:   0          SH:  0    Dex: 10    Spells: 10/10 levels left

rFire   + + .        a - +8 lance "Wyrmbane" {slay drac, rPois rF+ rC+ AC+3}
rCold   + + .        d - +18 shield of the Gong {Loud rN+ Will+ rCorr EV-5}
rNeg    + + +        c - +5 gold dragon scales
rPois   ∞            (no helmet)
rElec   .            (no cloak)
rCorr   +            f - +2 pair of gloves {Str+3}
SInv    .            (no boots)
Will    .....        (no amulet) Stlth
                     k - +6 ring of strength
HPRegen 0.39/turn    j - +6 ring of strength
MPRegen 0.12/turn

%: no teleportation
@: petrified, weak-willed, glowing, constricted
A: no striking features
a: Renounce Religion, Divine Shield, Cleansing Flame, Summon Divine Warrior,
Brand Weapon With Holy Wrath


You were in the Dungeon.
You worshipped the Shining One.
The Shining One was exalted by your worship.
You visited 1 branch

Inventory:

Hand Weapons
 a - the +8 lance "Wyrmbane" (weapon) {slay drac, rPois rF+ rC+ AC+3}
   (You found it in the Dungeon)

   AC:        It affects your AC (+3).
   rF:        It protects you from fire.
   rC:        It protects you from cold.
   rPois:     It protects you from poison.
 b - a +0 spectral bardiche
 u - the +7 great mace "Firestarter" {flame, immolate, rFlCloud rF++}
   (You found it in the Dungeon)

   rFlCloud:  It grants immunity to clouds of flame.
   rF:        It greatly protects you from fire.
Armour
 c - +5 gold dragon scales (worn)
 d - the +18 shield of the Gong (worn) {Loud rN+ Will+ rCorr EV-5}
   (You found it in the Dungeon)

   Loud:      It is deafeningly noisy when blocking attacks.
   EV:        It affects your evasion (-5).
   rN:        It protects you from negative energy.
   rCorr:     It protects you from acid and corrosion.
   Will:      It increases your willpower.
 f - a +2 pair of gloves of strength (worn)
 r - the +15 Maxwell's patent armour {-Cast -Tele rElec Will+ rCorr}
   (You found it in the Dungeon)

   rElec:     It insulates you from electricity.
   -Cast:     It prevents spellcasting.
   -Tele:     It prevents most forms of teleportation.
   rCorr:     It protects you from acid and corrosion.
   Will:      It increases your willpower.
Jewellery
 j - a +6 ring of strength (right hand)
 k - a +6 ring of strength (left hand)
Wands
 m - a wand of mindburst (7)
 n - a wand of quicksilver (15)
 o - a wand of flame (28)
 w - a wand of roots (5)
Scrolls
 q - 4 scrolls of blinking
 t - 5 scrolls of identify
Potions
 e - 8 potions of curing
 g - 6 potions of haste
 h - 4 potions of resistance
 i - 3 potions of berserk rage
 l - 7 potions of magic
 s - 8 potions of might
 x - a potion of heal wounds
Miscellaneous
 p - a lightning rod (4/4)
 v - a tin of tremorstones (2/2)


   Skills:
 + Level 15.9 Fighting
 + Level 14.5 Polearms
 + Level 14.7 Armour
 + Level 14.7 Shields


You had 10 spell levels left.
You didn't know any spells.
Your spell library contained the following spells:

 Spells                   Type           Power      Damage    Failure   Level
 Freeze                   Ice            0%         1d3       99%         1
 Sandblast                Erth           0%         2d4       99%         1
 Sublimation of Blood     Necr           0%         N/A       100%        2
 Frozen Ramparts          Ice            0%         1d1       100%        3
 Hailstorm                Conj/Ice       0%         3d3       100%        3
 Spider Form              Tmut/Pois      0%         N/A       100%        3
 Anguish                  Hex/Necr       0%         N/A       100%        4
 Cause Fear               Hex            0%         N/A       100%        4
 Petrify                  Tmut/Erth      0%         N/A       100%        4
 Alistair's Intoxication  Tmut/Pois      0%         N/A       100%        5
 Fireball                 Conj/Fire      0%         3d3       100%        5
 Irradiate                Conj/Tmut      0%         3d11      100%        5
 Iskenderun's Battlesphe  Conj           0%         2d6       100%        5
 Conjure Ball Lightning   Conj/Air       0%         3x3d6     100%        6
 Enfeeble                 Hex            0%         N/A       100%        7
 Orb of Destruction       Conj           0%         9d5       100%        7
 Lehudib's Crystal Spear  Conj/Erth      0%         10d2      100%        8


Dungeon Overview and Level Annotations

Branches:
Dungeon (1/1)

Altars:
Ashenzari
Cheibriados
Dithmenos
Elyvilon
Fedhas
Gozag
Hepliaklqana
Kikubaaqudgha
Makhleb
Nemelex Xobeh
Okawaru
Qazlal
Ru
Sif Muna
Trog
Uskayaw
Vehumet
Wu Jian
Xom
Yredelemnul
Zin
The Shining One
Beogh
Jiyva
Lugonu


Message History

You are slowing down.
You block the giant cockroach simulacrum's attack.
PANG!
You impale the giant cockroach simulacrum!!
The giant cockroach simulacrum vaporises!
The Shining One accepts your kill.
You feel better.
Your limbs are stiffening.
Unknown command.
Reach: a) +8 lance "Wyrmbane" {slay drac, rPois rF+ rC+ AC+3}
Press: ? - help, Dir - move target, f - ball python simulacrum
Aim: a ball python simulacrum (haloed, about 5% to evade the +8 lance "Wyrmbane")
You reach to attack!
You hit the ball python simulacrum.
The ball python simulacrum vaporises!
The Shining One accepts your kill.
You feel better.
Your limbs have turned to stone.
You have turned to stone.
The nargun hits you!
* * * LOW HITPOINT WARNING * * *
The nargun bites you but does no damage.
The ball python simulacrum bites you but does no damage.
The ball python simulacrum grabs you.
The ball python simulacrum constricts you.
The ball python simulacrum bites you but does no damage.
The ball python simulacrum constricts you.
The ball python simulacrum bites you but does no damage.
The ball python simulacrum constricts you.
The nargun hits you!
* * * LOW HITPOINT WARNING * * *
The nargun bites you!
* * * LOW HITPOINT WARNING * * *
The nargun freezes you!! You resist.
* * * LOW HITPOINT WARNING * * *
The ball python simulacrum completely misses you.
The ball python simulacrum constricts you.
The nargun hits you!
* * * LOW HITPOINT WARNING * * *
The nargun bites you but does no damage.
The ball python simulacrum bites you but does no damage.
The ball python simulacrum constricts you.
The nargun hits you!!
You die...

▓...|.)...▓
▓..!|/)/..▓...=."...▓
▓.........▓.........▓
▓.........▓.........▓
▓.........▓.........▓
▓.........▓.........▓
▓.........▓.......))▓
▓.▓.....▓Z▓....©..†.▓
▓....©.W9@▓▓▓▓▓▓▓▓▓▓▓
▓▓▓▓▓▓▓▓▓▓▓


You could see a nargun, a freezing wraith and a ball python simulacrum.

Vanquished Creatures
  A sixfirhy (D)
  A naga mage (D)
  2 black mambas (D)
  2 cane toads (D)
  2 rime drakes (D)
  2 freezing wraiths (D)
  A tormentor (D)
  2 slime creatures (D)
  A ynoxinul (D)
  A yak (D)
  A basilisk (D)
  A golden eye (D)
  4 nagas (D)
  5 water moccasins (D)
  A hell hound (D)
  2 floating eyes (D)
  2 orc warriors (D)
  A swamp drake (D)
  A wolf (D)
  A crimson imp (D)
  3 quasits (D)
  A small abomination (D)
  2 orc priests (D)
  5 starcursed masses (D)
  2 orc wizards (D)
  2 adders (D)
  A river rat (D)
  2 white imps (D)
  2 ufetubi (D)
  2 orcs (D)
  An endoplasm (D)
  2 ball pythons (D)
  2 ball python simulacra (D)
  2 bat simulacra (D)
  A giant cockroach simulacrum (D)
  A quokka zombie (D)
65 creatures vanquished.

Notes
Turn   | Place    | Note
-------+----------+-------------------------------------------
     0 | D        | Heoruswealwe the Hill Orc Fighter began the quest for the
                  | Orb.
     0 | D        | Reached XP level 1. HP: 19/19 MP: 1/1
     0 | D        | Found a shimmering blue altar of Sif Muna.
     0 | D        | Found a bloodstained altar of Trog.
     0 | D        | Found a sacrificial altar of Ru.
     0 | D        | Found a stormy altar of Qazlal.
     0 | D        | Found an iron altar of Okawaru.
     2 | D        | Found a sparkling altar of Nemelex Xobeh.
     2 | D        | Found the +6 Majin-Bo {spellvamp, MP+6 Int+6}
     2 | D        | Found the +27 heavy crossbow "Sniper" {heavy, Acc+∞ SInv}
     2 | D        | Found the +10 dark maul {heavy}
     2 | D        | Found the +15 Maxwell's patent armour {-Cast -Tele rElec
                  | Will+ rCorr}
     2 | D        | Found the +18 shield of the Gong {Loud rN+ Will+ rCorr
                  | EV-5}
     2 | D        | Found the +16 obsidian axe {drain, demonic, Mesm Drain Fly
                  | SInv}
     2 | D        | Found the +7 great mace "Firestarter" {flame, immolate,
                  | rFlCloud rF++}
     2 | D        | Found the +6 shillelagh "Devastator" {shatter}
     2 | D        | Found the +11 plutonium sword {Contam Stlth-}
     2 | D        | Found the +8 lance "Wyrmbane" {slay drac, rPois rF+ rC+
                  | AC+3}
     2 | D        | Found the +9 sword of Zonguldrok {reap}
     2 | D        | Found the +13 scythe of Curses {drain, curses, Drain}
     2 | D        | Found the +9 sword of Power {lifebolt}
     2 | D        | Found the +7 mace of Variability {chaos, chaos arc}
     2 | D        | Found the +11 Singing Sword {sonic wave}
     2 | D        | Found the +8 storm bow {elec, penet}
    31 | D        | Became a worshipper of the Shining One
    35 | D        | Found a blossoming altar of Fedhas.
    36 | D        | Found a viscous altar of Jiyva.
    36 | D        | Found a hazy altar of Hepliaklqana.
    36 | D        | Found a transporter.
    36 | D        | Found an opulent altar of Gozag.
    36 | D        | Found an ancient bone altar of Kikubaaqudgha.
    36 | D        | Found a corrupted altar of Lugonu.
    49 | D        | Found a burning altar of Makhleb.
   101 | D        | Reached skill level 5 in Fighting
   101 | D        | Reached skill level 5 in Armour
   101 | D        | Reached skill level 5 in Shields
   101 | D        | Reached XP level 2. HP: 30/30 MP: 2/2
   103 | D        | Entered arena 2.
   103 | D        | Noticed a slime creature
   103 | D        | Found a transporter.
   113 | D        | Killed a slime creature
   114 | D        | Reached skill level 8 in Fighting
   114 | D        | Reached XP level 3. HP: 40/40 MP: 3/3
   114 | D        | Reached XP level 4. HP: 48/48 MP: 4/4
   114 | D        | Reached XP level 5. HP: 53/53 MP: 5/5
   121 | D        | Entered arena 3.
   121 | D        | Noticed a rime drake
   121 | D        | Noticed a rime drake
   121 | D        | Reached * piety under the Shining One
   121 | D        | Noticed a swamp drake
   121 | D        | Found a transporter.
   123 | D        | Killed a rime drake
   124 | D        | Reached skill level 9 in Fighting
   124 | D        | Reached XP level 6. HP: 53/64 MP: 6/6
   124 | D        | Reached XP level 7. HP: 58/70 MP: 7/7
   128 | D        | Killed a rime drake
   129 | D        | Reached skill level 10 in Fighting
   138 | D        | Got the ring of Nofamint {rF+ Will+ rCorr Str-3 SInv}
   169 | D        | Entered arena 4.
   169 | D        | Reached ** piety under the Shining One
   169 | D        | Found a transporter.
   174 | D        | Reached *** piety under the Shining One
   175 | D        | Reached skill level 11 in Fighting
   175 | D        | Reached skill level 10 in Armour
   175 | D        | Reached skill level 10 in Shields
   175 | D        | Reached XP level 8. HP: 82/82 MP: 8/8
   178 | D        | Reached **** piety under the Shining One
   186 | D        | Entered arena 5.
   186 | D        | Noticed a slime creature
   186 | D        | Found a transporter.
   190 | D        | Paralysed by a floating eye for 3 turns
   198 | D        | Reached skill level 10 in Polearms
   208 | D        | Killed a slime creature
   209 | D        | Reached skill level 12 in Fighting
   217 | D        | Entered arena 6.
   217 | D        | Reached ***** piety under the Shining One
   217 | D        | Noticed a ynoxinul
   217 | D        | Found a transporter.
   222 | D        | Killed a ynoxinul
   228 | D        | Reached ****** piety under the Shining One
   230 | D        | Reached XP level 9. HP: 90/90 MP: 9/9
   244 | D        | Entered arena 7.
   244 | D        | Noticed a cane toad
   244 | D        | Noticed a cane toad
   245 | D        | Found a transporter.
   263 | D        | Killed a cane toad
   268 | D        | Killed a cane toad
   269 | D        | Reached skill level 13 in Fighting
   281 | D        | Got the ring of Comoulo {rPois Str+3 Stlth+}
   382 | D        | Entered arena 8.
   382 | D        | Noticed a freezing wraith
   382 | D        | Noticed a starcursed mass
   382 | D        | Noticed a sixfirhy
   394 | D        | Killed a sixfirhy
   409 | D        | Killed a freezing wraith
   410 | D        | Reached skill level 14 in Fighting
   410 | D        | Reached XP level 10. HP: 76/103 MP: 10/10
   433 | D        | Found a transporter.
   434 | D        | Killed a starcursed mass
   438 | D        | Killed a starcursed mass
   442 | D        | Killed a starcursed mass
   613 | D        | Entered arena 9.
   613 | D        | Found the +8 Vampire's Tooth {megavamp}
   640 | D        | Found a transporter.
   650 | D        | Got the Quarto of Rancid Breccia
   659 | D        | Entered arena 10.
   681 | D        | Found a transporter.
   716 | D        | Entered arena 11.
   716 | D        | Noticed a black mamba
   716 | D        | Noticed a naga mage
   716 | D        | Noticed a black mamba
   731 | D        | Killed a black mamba
   732 | D        | Reached skill level 15 in Fighting
   734 | D        | Killed a black mamba
   749 | D        | Killed a naga mage
   763 | D        | Found a transporter.
   870 | D        | Entered arena 12.
   870 | D        | Noticed a nargun
   898 | D        | Reached XP level 11. HP: 88/114 MP: 11/11
   936 | D        | Slain by a nargun

Illustrated notes

Levels and vault maps discovered:
D:        sprint_v [room_start, room_1, room_2, room_3, room_4, room_5, room_6,
          room_7, room_8, room_9, room_10, room_11, room_12, room_13, room_14,
          room_15, room_16, room_17, room_18, room_19, room_20, room_21,
          room_22, room_23, room_24, room_25, room_26, room_27]

Skill      XL: |  1  2  3  4  5  6  7  8  9 10 |
---------------+-------------------------------+-----
Fighting       | 5 8 9 11 12 14 15 | 15.9
Polearms       | 4 6 8 9 11 12 14 | 14.5
Armour         | 5 7 8 10 11 13 14 | 14.7
Shields        | 5 7 8 10 11 13 14 | 14.7

Action                     |  1- 3 |  4- 6 |  7- 9 | 10-12 || total
---------------------------+-------+-------+-------+-------++-------
  Melee: Lance             |    10 |     1 |    89 |   127 ||   227
    Use: Potion            |     1 |       |     2 |     9 ||    12
         Scroll            |       |       |       |     1 ||     1
 Armour: Gold dragon scale |     4 |       |    53 |   131 ||   188
  Dodge: Dodged            |       |       |     6 |    14 ||    20
  Block: Kite shield       |     4 |       |   108 |   170 ||   282
